 Dungeon Crawl Stone Soup version 0.30.0-11-gf55b779eaf (webtiles) character file.

Game seed: 14031776215368716129

4 cdecastro the Sneak (level 1, 0/11 HPs)
             Began as a Spriggan Delver on May 16, 2023.
             Slain by an orc
             ... wielding a +0 falchion
              (6 damage)
             ... on level 4 of the Dungeon.
             The game lasted 00:02:22 (292 turns).

cdecastro the Sneak (Spriggan Delver)                Turns: 292, Time: 00:02:24

Health: 0/11       AC:  2    Str:  8    XL:     1   Next: 58%
Magic:  2/2        EV: 17    Int: 11    God:
Gold:   35         SH:  0    Dex: 16    Spells: 0/0 levels left

rFire   . . .        a - +0 short sword
rCold   . . .        (no shield)
rNeg    . . .        b - +0 robe
rPois   +            (helmet restricted)
rElec   .            (no cloak)
rCorr   .            (gloves unavailable)
SInv    +            (boots unavailable)
Will    .....        (no amulet)
Stlth   ++++         h - ring of poison resistance
HPRegen 0.21/turn    (no ring)
MPRegen 0.08/turn

%: no passive effects
@: very quick
A: very small, no large weapons, unfitting armour, see invisible, speed 3
a: no special abilities


You were on level 4 of the Dungeon.
You visited 1 branch of the dungeon, and saw 2 of its levels.

You collected 35 gold pieces.

Inventory:

Hand Weapons
 a - a +0 short sword (weapon)
 l - a +0 sling
Armour
 b - a +0 robe (worn)
Jewellery
 h - a ring of poison resistance (left hand)
Wands
 g - a wand of digging (3)
Scrolls
 c - a scroll of fog
 d - a scroll of magic mapping
 e - a scroll of fear
 i - a scroll of torment {unknown}
 j - a scroll of teleportation {unknown}
 k - a scroll of vulnerability {unknown}
Potions
 f - 2 potions of haste


   Skills:
 - Level 2.4 Fighting
 * Level 2.5 Short Blades
 - Level 2.6 Dodging
 + Level 7.3 Stealth


You couldn't memorise any spells.
You didn't know any spells.
Your spell library was empty.

Dungeon Overview and Level Annotations

Branches:
Dungeon (5/15)
 Temple: D:4-7

Altars:

Shops:
D:5 *


Innate Abilities, Weirdness & Mutations

You are very small and have problems with some larger weapons.
You are too small for most types of armour.
You have supernaturally acute eyesight. (SInv)
You cover ground extremely quickly. (Speed+++)


Message History

There is a stone staircase leading up here.
Found 5 gold pieces.
Found a sling.
k - a scroll labelled LEEM MIECSY You now have 30 gold pieces (gained 7).
You now have 35 gold pieces (gained 5).
You see here a +0 sling.
l - a +0 sling Unknown command.
Found a thin smoking staff.
Found an escape hatch in the floor.
A hound comes into view.
An orc comes into view. It is wielding a +0 dagger.
The hound barks!
The orc shouts!
You hear a shout!
The hound falls through a shaft!
The shaft crumbles and collapses.
Your movement speed is very quick.
Your attack delay is about 0.8.
Your damage rating with your +0 short sword is about 6 (Base 5 x 115% (Dex) x 108% (Skill)).
You hit the orc.
The orc is heavily wounded.
The orc hits you with a +0 dagger.
You closely miss the orc.
The orc is heavily wounded.
The orc completely misses you.
You hit the orc.
You kill the orc!
You see here a +0 dagger.
You see here a +0 dagger.
You start resting.
HP restored.
An orc comes into view. It is wielding a +0 flail.
You see here a +0 dagger.
The orc shouts!
The orc wizard shouts!
The orc shouts!
The orc wizard gestures wildly while chanting.
The orc wizard flickers and vanishes for a moment.
There is a stone staircase leading up here.
You climb upwards.
The scorpion stings you. The orc hits you with a +0 falchion.
Ouch! That really hurt!
You die...

#.####...........
########.# #####.#.....
#....##..# #..##...
#....#..## ##......
#......## ....#. #....###
.... ##....#### .#..
##....#..o## .....
##........@.## ###....
#.........s..#####.....
#.................o##
#.................?.###...
##..........##..##........
##...#....###............
#####....# #............
#....# #......s..#..
###### #........s...


You could see a scorpion and an orc.

Vanquished Creatures
  An orc (D:5)
  An endoplasm (D:4)
  A hobgoblin (D:4)
3 creatures vanquished.

Notes
Turn   | Place    | Note
-------+----------+-------------------------------------------
     0 | D:5      | cdecastro the Spriggan Delver began the quest for the Orb.
     0 | D:5      | Reached XP level 1. HP: 11/11 MP: 2/2
    12 | D:5      | Noticed an orc wizard
    52 | D:5      | Found Gophaqow's Gadget Gallery.
   175 | D:4      | Noticed a scorpion
   223 | D:5      | Noticed a hound
   292 | D:4      | Slain by an orc

Illustrated notes

Levels and vault maps discovered:
D:4:      layout_rooms, chequers_temple_overflow_minitemple,
          minmay_stone_trees_medium
D:5:      layout_rooms, nicolae_shop_gadgets

Action                     || total
---------------------------++-------
  Melee: Short sword       ||     7
   Stab: Sleeping          ||     1
  Dodge: Dodged            ||     2
